AoeStats
← DirtyDog

Nomad

506028105Analyzed
2v2 RM · 20d ago on Sep 12, 2026· 75m 29s· 4 players
Game mode
Random Map
Map size
176×176
Population
200
Speed
Normal
Resources
Standard
Victory
Conquest
Starting age
Dark Age
Ending age
Imperial Age
RankedLock teamsTeams togetherTeam positionsShared explorationLock speedFull tech treeHidden civsTurbo modeCheats
Victory
Defeat
🇦🇷 Berbers · Argentina
1093
+13
🇦🇷 Huns · Argentina
1028
+16
🇧🇷 Cumans · Brazil
1045
-15
🇧🇷 Celts · Brazil
1018
-14
GaTTo
4:15 Loom
16:38 Feudal Age
24:22 Castle Age
22:37 Double-Bit Axe
23:35 Gold Mining
25:50 Wheelbarrow
25:46 Fletching
27:47 Horse Collar
28:53 Stone Mining
29:22 Bodkin Arrow
31:55 Scale Barding Armor
33:05 Heavy Plow
36:15 Imperial Age
35:12 Bow Saw
36:11 Chain Barding Armor
36:47 Forging
37:07 Elite Steppe Lancer
39:12 Plate Barding Armor
39:09 Conscription
39:50 Bloodlines
40:20 Iron Casting
44:24 Steppe Husbandry
49:16 Hand Cart
50:58 Town Watch
54:01 Blast Furnace
54:09 Pikeman
62:42 Light Cavalry
72:51 Padded Archer Armor
DirtyDog
5:57 Loom
13:59 Feudal Age
15:09 Double-Bit Axe
21:40 Castle Age
19:29 Fishing Lines
19:45 Gold Mining
19:20 Man-at-Arms
21:21 Scale Mail Armor
21:17 Arson
21:59 Fletching
21:53 Long Swordsman
23:09 Medium Warships
23:19 Forging
23:37 Gambesons
23:45 Horse Collar
23:39 Pikeman
26:04 Wheelbarrow
29:53 Chain Mail Armor
35:48 Bodkin Arrow
39:02 Hand Cart
40:11 Gambesons
43:25 Imperial Age
42:47 Iron Casting
42:32 Town Watch
43:38 Padded Archer Armor
50:42 Halberdier
53:14 Bow Saw
54:30 Conscription
59:33 Plate Mail Armor
61:26 Blast Furnace
62:25 Leather Archer Armor
62:32 Heavy Plow
62:35 Town Patrol
CHIQUI TAPIA
6:40 Loom
17:47 Feudal Age
18:46 Double-Bit Axe
20:10 Wheelbarrow
20:26 Gold Mining
20:34 Fishing Lines
21:09 Town Watch
21:33 Stone Mining
24:20 Castle Age
22:58 Forging
22:54 Scale Barding Armor
23:36 Fletching
23:46 Padded Archer Armor
24:41 Bloodlines
26:25 Husbandry
27:31 Bow Saw
28:08 Hand Cart
29:09 Gold Shaft Mining
29:12 Stone Shaft Mining
31:37 Imperial Age
30:42 Gillnets
32:18 Iron Casting
32:03 Chain Barding Armor
31:57 Treadmill Crane
32:38 Ballistics
33:56 Conscription
34:33 Town Patrol
34:15 Heavy Camel Rider
35:15 Kasbah
34:51 Demolition Ship
35:48 Medium Warships
36:21 Siphons
36:31 Clinker Construction
36:33 Careening
36:36 Bodkin Arrow
36:56 Leather Archer Armor
37:23 Demolition Ship
38:15 Medium Warships
38:42 Bracer
39:12 Ring Archer Armor
39:44 Blast Furnace
39:19 Plate Barding Armor
38:27 Heavy Demolition Ship
39:34 Maghrebi Camels
38:55 Elite Camel Archer
42:57 Fortified Wall
43:49 Scale Mail Armor
45:33 Chemistry
44:59 Shipwright
51:38 Siege Engineers
59:19 Dry Dock
59:20 Carvel Hull
58:27 Man-at-Arms
59:08 Squires
58:54 Arson
59:25 Chain Mail Armor
60:21 Long Swordsman
61:37 Plate Mail Armor
61:01 Two-Handed Swordsman
62:31 Champion
62:37 Pikeman
74:02 Elite Genitour
Honorable Ministro Caputo
11:56 Loom
15:39 Feudal Age
17:42 Town Watch
17:44 Double-Bit Axe
20:32 Castle Age
18:52 Scale Barding Armor
19:32 Bloodlines
19:36 Forging
19:27 Gold Mining
19:23 Fishing Lines
20:12 Fletching
21:28 Husbandry
22:07 Iron Casting
21:30 Gillnets
23:23 Bow Saw
24:04 Chain Barding Armor
26:15 Wheelbarrow
28:22 Gold Shaft Mining
28:51 Hand Cart
32:38 Imperial Age
30:59 Town Patrol
30:56 Bodkin Arrow
31:28 Ballistics
33:49 Conscription
34:14 Parthian Tactics
34:02 Thumb Ring
34:59 Elite Skirmisher
35:17 Cavalier
36:08 Marauders
37:29 Murder Holes
37:39 Horse Collar
42:10 Guilds
42:57 Elite Tarkan
45:39 Blast Furnace
48:49 Pikeman
50:50 Squires
56:17 Heavy Plow
59:20 Plate Barding Armor
59:04 Stone Mining
60:19 Two-Man Saw
59:05 Heavy Cavalry Archer
61:21 Bracer
62:49 Chemistry
74:26 Arson
Connection lost

Rejoining the realm…

Still unreachable

The connection could not be restored.

Session expired

The server has moved on; the page needs a fresh start.